cohdb
Replays
Latest Replays
All Replays
Popular Replays
Top Player Replays
Match Explorer
How It Works
Community
CoH3 Stats
Reddit
Sign in to upload your games and track your stats! →
Sign in with Steam
Match 45227231
Unlisted
Match 45227231
Overview
Messages
Build Orders
End
Pioneer Squad
Construct Infanterie Kompanie
Selects Terror Battlegroup
Selects Machine Gun Camouflage
Grenadier Squad
MG 42 Machine Gun Team
MG 42 Machine Gun Team
Construct Panzergrenadier Kompanie
251 Medium Carrier
Pak 40 Anti-tank Gun Team
Panzergrenadier Squad
Medical Station
Panzergrenadier Squad
Panzergrenadier Officer Quarters
Panzergrenadier Squad
Construct Panzer Kompanie
Panzer IV Medium Tank
Pak 40 Anti-tank Gun Team
Selects Defend the Fatherland
Selects Interrogate
Selects Jericho Trumpet
Panzer IV Medium Tank
Selects V1 Rocket Strike
Side Skirts
V1 Rocket Strike
Pioneer Squad
Pioneer Squad
Jericho Trumpet
V1 Rocket Strike
Stoßtruppen Squad
Jericho Trumpet
Selects King Tiger Heavy Tank
V1 Rocket Strike
King Tiger Heavy Tank
Pioneer Squad
Lemon
BamboneWertherone ITA
0
0
Comments
sign in to comment!
No comments posted yet!